AoeStats
← Weed420cheese

Arabian Desert

509414057Analyzed
1v1 RM · 6d ago on Sep 26, 2026· 56m 22s· 2 players
Game mode
Random Map
Map size
Tiny (2 player)
Population
200
Speed
Normal
Resources
Standard
Victory
Conquest
Starting age
Dark Age
Ending age
Imperial Age
RankedLock teamsTeams togetherTeam positionsShared explorationLock speedFull tech treeHidden civsTurbo modeCheats
Victory
Defeat
874
+16
🇧🇪 Japanese · Belgium
866
-16
Weed420cheese
6:50 Loom
10:09 Feudal Age
11:34 Wheelbarrow
17:32 Double-Bit Axe
17:58 Fletching
18:38 Padded Archer Armor
21:56 Castle Age
22:04 Stone Mining
22:07 Gold Mining
23:07 Hand Cart
23:00 Scale Mail Armor
23:20 Forging
25:52 Horse Collar
27:10 Iron Casting
26:52 Chain Mail Armor
28:43 Ballistics
28:20 Murder Holes
33:57 Arson
37:13 Imperial Age
35:51 Gold Shaft Mining
37:59 Elite Samurai
38:19 Capped Ram
43:57 Plate Mail Armor
44:54 Blast Furnace
ナンゴン ウェニア
10:49 Feudal Age
15:05 Castle Age
15:46 Double-Bit Axe
15:45 Horse Collar
22:04 Wheelbarrow
22:00 Bow Saw
22:39 Town Watch
22:39 Loom
23:34 Stone Mining
23:34 Gold Mining
25:59 Gold Shaft Mining
26:00 Stone Shaft Mining
25:31 Heavy Plow
26:13 Hand Cart
27:16 Stone Shaft Mining
27:17 Fervor
28:53 Fletching
30:12 Bodkin Arrow
30:48 Ballistics
30:48 Town Patrol
30:52 Scale Mail Armor
31:02 Forging
32:47 Guard Tower
33:07 Masonry
36:11 Squires
35:57 Arson
35:46 Hamask
37:03 Iron Casting
36:43 Chain Mail Armor
36:29 Padded Archer Armor
36:34 Scale Barding Armor
41:08 Imperial Age
39:55 Leather Archer Armor
39:28 Gambesons
42:04 Onager
43:07 Conscription
42:08 Northmen's Fury
43:27 Siege Engineers
45:12 Hoardings
45:44 Chemistry
44:41 Murder Holes
44:57 Bracer
45:28 Ring Archer Armor
45:59 Blast Furnace
45:29 Plate Mail Armor
45:19 Chain Barding Armor
45:24 Siege Onager
47:28 Capped Ram
49:41 Redemption
52:31 Siege Ram
Connection lost

Rejoining the realm…

Still unreachable

The connection could not be restored.

Session expired

The server has moved on; the page needs a fresh start.